 Dungeon Crawl Stone Soup version 0.29-a0-337-g68df138881 (webtiles) character file.

Game seed: 14563398046035366120

10101 Rohain the Covert (level 11, -7/54 HPs)
             Began as a Vampire Enchanter on Apr 16, 2022.
             Was a Priest of Dithmenos.
             Mangled by a death yak (24 damage)
             ... on level 10 of the Dungeon.
             The game lasted 00:23:21 (10635 turns).

Rohain the Covert (Vampire Enchanter)              Turns: 10635, Time: 00:23:22

Health: -7/54      AC: 13    Str: 13    XL:     11   Next: 31%
Magic:  18/22      EV: 17    Int: 25    God:    Dithmenos [***...]
Gold:   317        SH:  0    Dex: 18    Spells: 17/25 levels left

rFire   . . .      SeeInvis +   a - +4 dagger (venom)
rCold   + + .      Faith    .   (no shield)
rNeg    + + +      Spirit   .   I - +5 steam dragon scales
rPois   ∞          Reflect  .   g - +0 helmet
rElec   .          Harm     .   (no cloak)
rCorr   .          Rampage  .   J - +0 pair of gloves
Will    +....                   E - +0 pair of boots Stlth *+++++++++
                                n - amulet of magic regeneration
HPRegen 0.00/turn               s - +6 ring of strength
MPRegen 0.58/turn               x - +6 ring of intelligence

@: confusing by touch, bloodless, inhibited regen, wreathed by umbra
A: bloodless, fangs 3, see invisible, vampiric 2
a: Bat Form, Revivify, Renounce Religion, Shadow Step


You were on level 10 of the Dungeon.
You worshipped Dithmenos.
Dithmenos was most pleased with you.
You visited 2 branches of the dungeon, and saw 11 of its levels.
You also visited: Sewer and Bailey.

You collected 644 gold pieces.
You spent 327 gold pieces at shops.

Inventory:

Hand Weapons
 a - a +4 dagger of venom (weapon)
 q - a +1 dagger of speed
 Q - a +3 dagger of freezing
Missiles
 r - 8 curare-tipped darts (quivered)
 t - 34 poisoned darts
 G - 2 throwing nets
Armour
 b - a +1 robe
 g - a +0 helmet (worn)
 p - a +2 leather armour of cold resistance
 u - a +0 robe of cold resistance
 A - a +3 leather armour of willpower
 E - a +0 pair of boots (worn)
 I - +5 steam dragon scales (worn)
 J - a +0 pair of gloves (worn)
Jewellery
 n - an amulet of magic regeneration (around neck)
 s - a +6 ring of strength (left hand)
 x - a +6 ring of intelligence (right hand)
 y - a ring of magical power
Wands
 l - a wand of flame (16)
 F - a wand of mindburst (12)
Scrolls
 e - 10 scrolls of teleportation
 j - 2 scrolls of blinking
 v - 6 scrolls of identify
 z - a scroll of amnesia
 C - 2 scrolls of immolation
 H - a scroll of fear
 M - 3 scrolls of enchant armour
 O - 3 scrolls of summoning
Potions
 c - 3 potions of invisibility
 d - 9 potions of curing
 f - 2 potions of flight {unknown}
 h - 5 potions of cancellation {unknown}
 i - 2 potions of brilliance {unknown}
 k - 2 potions of might
 m - 2 potions of resistance {unknown}
 o - 3 potions of attraction {unknown}
 w - a potion of ambrosia {unknown}
 B - 2 potions of lignification {unknown}
 D - 10 potions of haste
 K - a potion of mutation {unknown}
 L - a potion of heal wounds {unknown}


   Skills:
 + Level 8.7 Short Blades
 + Level 9.0 Dodging
 + Level 13.0 Stealth
 + Level 7.5 Spellcasting
 + Level 12.0 Hexes
 + Level 2.7 Invocations


You had 17 spell levels left.
You knew the following spells:

 Your Spells              Type           Power      Damage    Failure   Level
a - Ensorcelled Hibernat  Hex/Ice        78%        N/A       1%          2
b - Confusing Touch       Hex            62%        N/A       1%          3
c - Tukima's Dance        Hex            62%        N/A       1%          3

Your spell library contained the following spells:

 Spells                   Type           Power      Damage    Failure   Level
 Dazzling Flash           Conj/Hex       78%        N/A       1%          3
 Sandblast                Erth           18%        2d7       6%          1
 Passwall                 Tmut/Erth      7%         N/A       10%         2
 Static Discharge         Conj/Air       9%         N/A       10%         2
 Silence                  Hex/Air        19%        N/A       16%         5
 Ignite Poison            Fire/Tmut/Pois 9%         N/A       19%         3
 Mephitic Cloud           Conj/Pois/Air  9%         N/A       19%         3
 Stone Arrow              Conj/Erth      18%        3d8       19%         3
 Passage of Golubria      Tloc           9%         N/A       54%         4
 Freezing Cloud           Conj/Ice/Air   4%         6-21      87%         5
 Lightning Bolt           Conj/Air       4%         1d16      87%         5
 Lehudib's Crystal Spear  Conj/Erth      4%         10d3      100%        8
 Maxwell's Capacitive Co  Air            4%         ∞         100%        8


Dungeon Overview and Level Annotations

Branches:
Dungeon (10/15)            Temple (1/1) D:4           Sewer (visited)
 Bailey (visited)
   Lair: D:8-11         Orc: D:9-12

Altars:
Ashenzari
Cheibriados
Dithmenos
Elyvilon
Fedhas
Gozag
Hepliaklqana
Kikubaaqudgha
Makhleb
Nemelex Xobeh
Okawaru
Qazlal
Ru
Sif Muna
Trog
Uskayaw
Vehumet
Wu Jian
Xom
Yredelemnul
Zin
The Shining One

Shops:
D:3 *   D:5 *   D:6 =*

Annotations:
D:5 2 transporters


Innate Abilities, Weirdness & Mutations

You do not regenerate when monsters are visible.
You are frail without blood (-20% HP).
You can heal yourself when you bite living creatures.
You are immune to poison.
You have razor-sharp teeth.
You have supernaturally acute eyesight. (SInv)
You are afflicted with vampirism and can become a bat while bloodless.


Message History

You bite the yak, and draw its blood! You spit the yak like a pig!!!!
You kill the yak!
Dithmenos accepts your kill.
Your Dodging skill increases to level 9!
Your Stealth skill increases to level 13!
Your Hexes skill increases to level 12!
Casting: Ensorcelled Hibernation (safe; 1% risk of failure)
Confirm with . or Enter, or press ? or * to list all spells.
Aiming: Ensorcelled Hibernation (safe; 1% risk of failure)
Press: ? - help, Shift-Dir - straight line, f - death yak
Aim: a death yak (umbra, chance to affect: 7%)
The death yak resists with almost no effort.
The death yak gores you!!
You hear a bellow!
Casting: Ensorcelled Hibernation (safe; 1% risk of failure)
Confirm with . or Enter, or press ? or * to list all spells.
Your hands begin to glow red.
You hear a bellow! x2
A death yak comes into view.
The death yak misses you.
You hit the death yak but do no damage.
You bite the death yak, but do no damage.
You hit the death yak but do no damage.
A yak comes into view.
The death yak gores you!
You hit the death yak but do no damage.
The death yak gores you but does no damage.
You hit the death yak but do no damage. You hit the death yak but do no damage.
You bite the death yak, but do no damage.
The death yak gores you but does no damage.
You hit the death yak but do no damage. You hit the death yak but do no damage.
The death yak misses you.
Casting: Confusing Touch (safe; 1% risk of failure)
Confirm with . or Enter, or press ? or * to list all spells.
Your hands begin to glow brighter.
The death yak misses you.
You hit the death yak but do no damage. The death yak gores you.
You hit the death yak but do no damage. You hit the death yak but do no damage.
The death yak gores you!!
You die...

..#.............
###.#..Y.....#.#..
#....Y## ....#.#.≈
#.#.##.# ........≈
#†#.##.# ##.##.#.≈
#Y#.##.# ##'##.#.≈
#YY.##.###<..#.#.≈
#Y####.##........≈
##@## #.#.........≈
##...###............
#.................+.
#.......#.##.........##
#.###...#.###.......##
# #...#.# ##.....##
#.#.#.# ##...## #.#.#.#
##+## #.#.#.#


You could see 3 death yaks and a yak.

Vanquished Creatures
  A boulder beetle (D:9)
  2 orc knights (Bailey)
  Maggie (D:6)
  Prince Ribbit (D:7)
  Eustachio (D:5)
  20 yaks
  A wraith (D:10)
  2 wyverns (D:9)
  3 steam dragons
  A water moccasin (D:8)
  11 orc warriors
  2 ice beasts
  A sky beast (D:6)
  Pargi (Sewer)
  3 black bears
  2 ogres
  A centaur (D:9)
  A phantom (D:5)
  4 kobold brigands
  3 gnoll sergeants
  7 wights
  8 killer bees
  3 howler monkeys
  A hound (D:6)
  A jelly (D:5)
  A gnoll shaman (D:4)
  2 orc priests
  6 iguanas
  Natasha (thrice) (D:3)
  6 orc wizards
  20 gnolls
  14 adders
  3 white imps
  3 dart slugs
  33 orcs
  4 ball pythons
  4 bats
  12 endoplasms
  7 giant cockroaches
  9 goblins
  12 hobgoblins
  4 jackals (D:2)
  29 kobolds
  A quokka (D:2)
  4 frilled lizards
  9 rats
  A bush (D:4)
269 creatures vanquished.

Vanquished Creatures (others)
  A dancing weapon (D:5)
  3 plants (D:4)
4 creatures vanquished.

Grand Total: 273 creatures vanquished

Notes
Turn   | Place    | Note
-------+----------+-------------------------------------------
     0 | D:1      | Rohain the Vampire Enchanter began the quest for the Orb.
     0 | D:1      | Reached XP level 1. HP: 13/13 MP: 3/3
   208 | D:1      | Reached XP level 2. HP: 19/19 MP: 5/5
   224 | D:1      | Learned a level 2 spell: Ensorcelled Hibernation
   606 | D:1      | Gained mutation: You are afflicted with vampirism and can
                  | become a bat while bloodless. [Vampire growth]
   606 | D:1      | Reached XP level 3. HP: 16/24 MP: 1/6
   686 | D:1      | Reached skill level 5 in Stealth
   836 | D:1      | Found a faded altar of an unknown god.
  1191 | D:2      | Reached skill level 5 in Hexes
  1341 | D:2      | Reached XP level 4. HP: 24/24 MP: 7/7
  1365 | D:2      | Learned a level 3 spell: Confusing Touch
  1369 | D:2      | Learned a level 3 spell: Tukima's Dance
  2369 | D:3      | Reached XP level 5. HP: 28/28 MP: 4/9
  2641 | D:3      | Noticed Natasha
  2651 | D:3      | Killed Natasha
  2652 | D:3      | Reached skill level 6 in Stealth
  2673 | D:3      | Found Feyn's Assorted Antiques.
  2741 | D:3      | Bought a glowing robe for 59 gold pieces
  2789 | D:3      | Found an opulent altar of Gozag.
  2828 | D:3      | Found a radiant altar of Vehumet.
  2840 | D:3      | Noticed Natasha
  2843 | D:3      | Killed Natasha
  2844 | D:3      | Reached XP level 6. HP: 32/32 MP: 7/10
  2945 | D:3      | Noticed Natasha
  2961 | D:3      | Killed Natasha
  3101 | D:3      | Found a shimmering blue altar of Sif Muna.
  3219 | D:3      | Found a broken altar of Ashenzari.
  3284 | D:4      | Found a glowing drain.
  3332 | Sewer    | Entered a sewer
  3442 | Sewer    | Noticed Pargi
  3444 | Sewer    | Killed Pargi
  3507 | D:4      | Reached XP level 7. HP: 33/36 MP: 8/12
  3866 | D:4      | Found a staircase to the Ecumenical Temple.
  3883 | Temple   | Entered the Ecumenical Temple
  4201 | Temple   | Became a worshipper of Dithmenos the Shadowed
  4341 | D:4      | Reached skill level 7 in Stealth
  4794 | D:5      | Entered Level 5 of the Dungeon
  5018 | D:5      | HP: 1/36 [gnoll/+0 flail (4)]
  5155 | D:5      | Noticed Eustachio
  5162 | D:5      | Found a transporter.
  5163 | D:5      | Found a transporter.
  5167 | D:5      | Killed Eustachio
  5191 | D:5      | Reached skill level 5 in Dodging
  5191 | D:5      | Reached XP level 8. HP: 37/41 MP: 11/14
  5202 | D:5      | Reached skill level 8 in Stealth
  5434 | D:5      | Reached skill level 5 in Short Blades
  5449 | D:5      | Reached skill level 9 in Stealth
  5449 | D:5      | Reached skill level 5 in Spellcasting
  5477 | D:5      | Reached XP level 9. HP: 45/45 MP: 7/16
  5535 | D:5      | Found Yrchut's Assorted Antiques.
  5545 | D:5      | Bought a pair of boots for 148 gold pieces
  5844 | D:6      | Reached * piety under Dithmenos
  6093 | D:6      | Found Lish's Jewellery Boutique.
  6143 | D:6      | Noticed Maggie
  6147 | D:6      | Reached skill level 10 in Stealth
  6153 | D:6      | Killed Maggie
  6517 | D:6      | Found Abbeutsi's General Store.
  6528 | D:6      | Bought a potion of haste for 120 gold pieces
  6888 | D:7      | Reached skill level 10 in Hexes
  7176 | D:7      | Noticed Prince Ribbit
  7182 | D:7      | Killed Prince Ribbit
  7305 | D:7      | Reached XP level 10. HP: 44/50 MP: 19/19
  7310 | D:7      | Reached ** piety under Dithmenos
  7413 | D:8      | Reached skill level 11 in Stealth
  9030 | D:9      | Noticed a boulder beetle
  9033 | D:9      | Killed a boulder beetle
  9061 | D:9      | Reached *** piety under Dithmenos
  9064 | D:9      | Reached skill level 12 in Stealth
  9167 | D:9      | Reached skill level 1 in Invocations
  9347 | D:9      | Reached XP level 11. HP: 54/54 MP: 19/21
  9900 | D:10     | Entered Level 10 of the Dungeon
  9939 | D:10     | Found a flagged portal.
  9959 | Bailey   | Entered a bailey
 10266 | Bailey   | Noticed an orc knight
 10312 | Bailey   | Killed an orc knight
 10453 | Bailey   | Noticed an orc knight
 10459 | Bailey   | Killed an orc knight
 10519 | D:10     | Noticed a death yak
 10519 | D:10     | Noticed a death yak
 10623 | D:10     | Reached skill level 13 in Stealth
 10624 | D:10     | Noticed a death yak
 10635 | D:10     | Mangled by a death yak

Illustrated notes

Levels and vault maps discovered:
D:1:      minmay_arrival_four_loops, layout_loops_ring,
          shapermc_ecumenical_altar_totnotflames
D:2:      minmay_razor_zed, layout_basic, grunt_decor_resistance
D:3:      cheibrodos_thug_alley, layout_basic, nicolae_sif_muna_little_library,
          evilmike_ruin_ashenzari, mainiacjoe_overflow_catch_the_wave,
          serial_shops, shop, uniq_natasha
D:4:      layout_rooms, temple_fountains, serial_forest,
          infiniplex_forest_split, infiniplex_forest_clump_double,
          infiniplex_forest_lined_2, infiniplex_forest_end_double,
          infiniplex_forest_corner_1, infiniplex_forest_clump_small,
          infiniplex_forest_corner_1, gup_sewer_entry_glass
D:5:      gammafunk_steamed_eel, layout_cave_pools, serial_shops,
          nicolae_shop_temple_entry_statues_fountains,
          nicolae_figureground_pulse, uniq_eustachio
D:6:      layout_basic, serial_shops, nicolae_shop_statue_plus,
          nicolae_shop_window_shopping, uniq_maggie
D:7:      layout_loops_ring, grunt_ministairs_5, uniq_prince_ribbit1
D:8:      layout_gridville
D:9:      layout_basic, minmay_misc_feat_columns
D:10:     layout_loops_corners, dpeg_lair_monsters, enter_bailey_3,
          chequers_serial_rivers_small_3, dreamdust_wishing_well
Temple:   hc_temple_tempest_star

Skill      XL: |  1  2  3  4  5  6  7  8  9 10 11 |
---------------+----------------------------------+-----
Stealth        | 5 6 7 9 10 12 13 | 13.0
Short Blades   | 2 3 4 5 7 8 |  8.7
Hexes          | 5 6 7 8 10 11 12 | 12.0
Dodging        | 3 4 5 6 7 8 9 |  9.0
Spellcasting   | 3 4 5 6 7 |  7.5
Invocations    | 1 2 |  2.7

Action                   |  1- 3 |  4- 6 |  7- 9 | 10-12 || total
-------------------------+-------+-------+-------+-------++-------
Melee: Dagger            |    65 |   208 |   421 |   250 ||   944
       Bite              |     2 |    23 |    88 |    28 ||   141
       Punch             |       |     2 |     8 |     5 ||    15
 Cast: Ensorcelled Hiber |     8 |    23 |    58 |    59 ||   148
       Confusing Touch   |       |     1 |     8 |    19 ||    28
       Tukima's Dance    |       |       |     2 |       ||     2
 Abil: Exsanguinate      |     1 |       |       |       ||     1
  Use: Scroll            |     4 |     2 |     6 |    10 ||    22
       Potion            |       |       |     2 |     1 ||     3
 Stab: Sleeping          |    16 |    30 |    53 |    58 ||   157
       Confused          |       |       |     8 |    12 ||    20
Armor: Robe              |     7 |    28 |       |       ||    35
       Leather armour    |       |    47 |    34 |    17 ||    98
       Steam dragon scal |       |       |       |    52 ||    52
Dodge: Dodged            |    29 |   138 |    97 |   306 ||   570

Table legend: (Time is in decaauts)
 A = Elapsed time spent in this place.
 B = Non-inter-level travel time spent in this place.
 C = Inter-level travel time spent in this place.
 D = Time resting spent in this place.
 E = Time spent auto-exploring this place.
 F = Levels seen in this place.
 G = Mean time per level.
                   A        B        C        D        E       F      G
               +--------+--------+--------+--------+--------+-----+--------+
         Total |  10303 |   9876 |    427 |    984 |   6458 |  13 |  792.5 |
       Dungeon |   9312 |   8937 |    375 |    965 |   5774 |  10 |  931.2 |
        Temple |    330 |    278 |     52 |      0 |    259 |   1 |  330.0 |
         Sewer |    132 |    132 |      0 |      0 |     94 |   1 |  132.0 |
        Bailey |    527 |    527 |      0 |     19 |    331 |   1 |  527.0 |
               +--------+--------+--------+--------+--------+-----+--------+

Top non-repeatable levels by time:
     D:4: 1242 daAuts
     D:2: 1139 daAuts
     D:8: 1110 daAuts
     D:9: 1103 daAuts
     D:1: 1096 daAuts
     D:7: 1087 daAuts
     D:3: 1009 daAuts
     D:6: 723 daAuts
     D:5: 683 daAuts
  Bailey: 527 daAuts
  Temple: 330 daAuts
   Sewer: 132 daAuts
    D:10: 116 daAuts
